Map: King Sejong Station LE

Players

Fropez - Winner!

  • Race: Protoss Protoss
  • League: Silver
  • Spawn Location: 5:00

DrZoidberg

  • Race: Zerg Zerg
  • League: Silver
  • Spawn Location: 11:00

VOD

Have the link to the VOD?

Description

Time

  • Played on: May 24, 2016, 6:35 p.m.
  • Length: 26:43
Show
View Real Time Build Order
Export as new Build Order

Fropez Protoss - Winner!

Build Orders:  

Get SALT Encoding   

  12  0:01  Probe (Chrono Boost)  
  13  0:16  Pylon  
  13  0:18  Probe (Chrono Boost)  
  14  0:25  Assimilator  
  14  0:32  Probe (Chrono Boost)  
  15  0:36  Gateway  
  15  0:43  Probe (Chrono Boost)  
  15  0:46  Assimilator  
  16  0:59  Pylon, Probe (Chrono Boost)  
  17  1:10  Probe (Chrono Boost)  
  18  1:20  Probe (Chrono Boost)  
  18  1:23  Cybernetics Core  
  19  1:31  Probe (Chrono Boost)  
  20  1:37  Gateway  
  20  1:40  Assimilator  
  20  1:41  Probe (Chrono Boost)  
  21  1:52  Probe (Chrono Boost)  
  22  1:59  Stalker  
  22  2:00  Warp Gate (Chrono Boost)  
  24  2:06  Probe (Chrono Boost)  
  25  2:17  Pylon, Probe  
  26  2:24  Stalker  
  26  2:29  Pylon, Probe  
  29  2:34  Stalker  
  31  2:43  Mothership Core  
  33  2:56  Pylon  
  33  3:04  Probe, Stalker  
  36  3:05  Stalker  
  38  3:16  Probe  
  33  3:58  Stalker  
  31  4:21  Nexus  
  29  4:24  Assimilator  
  29  4:28  Assimilator  
  29  4:30  Pylon  
  27  4:38  Probe  
  27  4:50  Probe  
  27  4:52  Gateway  
  28  4:53  Gateway  
  28  5:02  Probe  
  29  5:08  Stalker  
  29  5:09  Stalker  
  33  5:17  Probe  
  34  5:29  Probe  
  34  5:31  Probe  
  36  5:41  Probe  
  36  5:42  Probe  
  37  5:45  Zealot  
  37  5:46  Zealot  
  42  5:52  Probe  
  42  5:53  Probe  
  44  6:03  Probe  
  44  6:05  Probe  
  46  6:15  Forge, Probe  
  46  6:16  Pylon  
  47  6:22  Probe  
  48  6:29  Probe  
  49  6:34  Stalker  
  49  6:39  Stalker  
  53  6:47  Sentry x2  
  57  7:01  Sentry  
  57  7:03  Sentry  
  61  7:09  Probe  
  61  7:10  Probe, Photon Cannon  
  61  7:12  Protoss Ground Weapons Level 1 (Chrono Boost)  
  63  7:18  Pylon  
  63  7:20  Probe  
  63  7:22  Probe  
  65  7:24  Sentry  
  65  7:25  Sentry  
  65  7:26  Sentry  
  71  7:30  Probe  
  72  7:41  Probe  
  72  7:42  Pylon  
  73  7:46  Probe  
  73  7:49  Pylon  
  74  7:53  Probe  
  74  7:56  Pylon  
  74  7:57  Probe  
  75  7:58  Stalker x2  
  75  8:05  Stalker  
  82  8:08  Stalker  
  82  8:12  Probe  
  84  8:13  Probe  
  86  8:21  Twilight Council  
  86  8:23  Probe  
  86  8:25  Probe  
  88  8:39  Probe  
  88  8:40  Probe  
  90  8:41  Pylon  
  90  8:43  Stalker x2  
  90  8:44  Pylon, Stalker  
  96  8:52  Zealot  
  98  8:59  Probe, Blink, Protoss Ground Weapons Level 2 (Chrono Boost)  
  98  9:00  Probe  
  100  9:10  Probe  
  100  9:12  Probe  
  100  9:14  Zealot x3  
  108  9:23  Stalker  
  110  9:32  Pylon  
  110  9:35  Probe  
  110  9:36  Probe  
  112  9:40  Robotics Facility  
  112  9:45  Pylon  
  112  9:48  Probe  
  112  9:49  Probe  
  114  10:02  Probe  
  114  10:03  Probe  
  114  10:05  Stalker x2  
  114  10:06  Stalker x2  
  124  10:28  Probe  
  124  10:29  Probe  
  124  10:34  Stalker x3  
  124  10:35  Stalker  
  134  10:51  Assimilator  
  134  10:56  Assimilator  
  134  11:01  Observer, Protoss Ground Weapons Level 3 (Chrono Boost)  
  135  11:09  Probe  
  135  11:10  Probe  
  135  11:11  Robotics Facility  
  137  11:13  Stalker  
  137  11:14  Stalker  
  141  11:23  Pylon  
  141  11:27  Pylon  
  141  11:40  Nexus  
  141  11:41  Immortal  
  141  11:42  Pylon  
  141  11:44  Pylon  
  145  11:50  Pylon, Stalker x4  
  153  12:19  Immortal  
  157  12:23  Pylon  
  157  12:24  Immortal  
  161  12:35  Probe  
  162  12:37  Probe  
  162  12:43  Stalker x4  
  171  12:46  Probe  
  171  12:49  Probe  
  173  12:59  Immortal  
  176  13:07  Stalker x4  
  184  13:45  Sentry x4  
  192  14:11  Immortal  
  192  14:13  Immortal  
  192  14:17  Protoss Ground Armor Level 1 (Chrono Boost)  
  200  14:27  Nexus  
  200  14:29  Assimilator  
  200  14:33  Assimilator  
  200  14:41  Pylon  
  200  14:47  Pylon  
  200  14:49  Pylon  
  200  14:53  Pylon  
  200  15:01  Pylon  
  200  16:50  Gateway  
  200  16:51  Gateway  
  200  16:54  Gateway  
  198  16:57  Gateway  
  198  17:00  Gateway  
  198  17:04  Gateway  
  198  17:05  Gateway  
  124  18:09  Protoss Ground Armor Level 2 (Chrono Boost)  
  124  18:12  Dark Shrine  
  118  18:14  Gateway x2  
  118  18:17  Gateway  
  118  18:18  Gateway  
  118  18:19  Gateway  
  118  18:24  Gateway  
  118  18:26  Gateway  
  118  18:27  Gateway  
  118  18:29  Immortal x2  
  126  18:45  Nexus  
  126  18:47  Pylon  
  126  18:51  Assimilator  
  126  18:52  Assimilator, Stalker x4  
  126  18:53  Stalker x5  
  126  18:54  Stalker x2  
  126  18:55  Pylon  
  148  19:17  Photon Cannon  
  148  19:19  Photon Cannon  
  148  19:20  Photon Cannon  
  148  19:21  Photon Cannon  
  148  19:23  Pylon  
  148  19:24  Photon Cannon  
  140  19:45  Dark Templar x5  
  138  19:46  Dark Templar x5  
  97  20:07  Protoss Shields Level 1 (Chrono Boost)  
  97  20:26  Nexus  
  96  20:42  Nexus  
  96  20:53  Stalker x6  
  96  20:54  Stalker x5  
  114  21:46  Archon x3  
  111  21:50  Zealot x4  
  111  21:51  Zealot x4  
  111  21:52  Zealot x3  
  132  22:18  Assimilator  
  116  23:12  Zealot x3  
  100  23:13  Zealot x5  
  112  23:20  Immortal  
  112  23:21  Immortal  
  120  23:27  Probe x3  
  120  23:29  Probe  
  120  23:31  Probe  
  125  23:38  Probe  
  126  23:46  Stalker  
  126  23:47  Zealot  
  130  24:00  Immortal x2  
  134  24:04  Zealot  
  134  24:05  Zealot  
  98  24:39  Immortal  
  102  24:58  Templar Archives  
  98  25:00  Pylon  
  98  25:01  Pylon  
  98  25:04  Nexus  
  98  25:06  Assimilator  
  90  25:10  Assimilator  
  90  25:14  Pylon  
  90  25:15  Probe  
  90  25:16  Pylon, Probe x2  
  90  25:17  Pylon, Probe  
  90  25:18  Probe  
  90  25:19  Pylon  
  95  25:30  Probe  
  95  25:31  Probe x3  
  95  25:32  Probe  
  100  25:35  Photon Cannon  
  100  25:49  Photon Cannon  
  100  25:56  Photon Cannon  
  100  26:07  Pylon  
  100  26:09  Pylon  
  100  26:14  High Templar x4  
  100  26:15  High Templar x7  
  100  26:16  High Templar x5  
  100  26:17  High Templar x2  
  126  26:19  Archon x5  
  126  26:20  Archon x3  
  126  26:22  Archon  
Show
View Real Time Build Order
Export as new Build Order

DrZoidberg Zerg 

Build Orders: Pool First 

Get SALT Encoding   

  12  0:01  Drone  
  13  0:12  Drone  
  14  0:14  Extractor  
  14  0:16  Drone  
  14  0:23  Overlord  
  14  0:47  Spawning Pool  
  13  0:59  Drone x3  
  16  1:10  Drone  
  17  1:25  Drone  
  18  1:33  Metabolic Boost  
  18  1:35  Zergling x2  
  18  1:36  Queen  
  21  1:43  Overlord  
  21  1:58  Zergling x2  
  22  2:09  Zergling x2  
  22  2:15  Drone, Hatchery  
  24  2:20  Queen  
  25  2:41  Zergling x4  
  27  2:46  Roach Warren  
  27  2:47  Zergling x4  
  27  2:48  Zergling x2  
  29  2:52  Overlord  
  29  3:05  Zergling x2  
  30  3:18  Overlord  
  30  3:27  Overlord  
  30  3:34  Drone  
  31  3:40  Zergling x2  
  31  3:41  Zergling x8  
  23  4:40  Roach  
  23  4:41  Roach x7  
  39  4:47  Extractor  
  39  4:51  Drone  
  39  4:55  Drone  
  40  5:07  Lair  
  40  5:08  Drone  
  40  5:09  Drone x4  
  40  5:12  Ravager  
  46  5:20  Drone x4  
  50  5:28  Queen  
  52  5:33  Overlord x3  
  52  5:56  Drone x3  
  52  5:57  Drone x4  
  59  6:08  Spore Crawler  
  58  6:13  Glial Reconstitution  
  58  6:20  Evolution Chamber  
  58  6:21  Overseer  
  58  6:22  Evolution Chamber  
  56  6:26  Overseer  
  56  6:38  Extractor x2, Drone x4  
  58  6:42  Roach x3  
  64  6:59  Queen  
  66  7:05  Drone x4  
  66  7:07  Hatchery  
  69  7:18  Roach x3  
  69  7:20  Overlord x2  
  75  7:39  Zerg Missile Weapons Level 1  
  75  7:41  Zerg Ground Armor Level 1  
  75  7:53  Overseer  
  75  8:10  Spire  
  74  8:14  Ravager x3  
  74  8:15  Ravager x2  
  79  8:27  Drone  
  79  8:29  Queen  
  82  8:40  Spore Crawler  
  81  8:58  Drone x7  
  81  9:00  Overlord x3  
  81  9:01  Overlord x2  
  88  9:08  Burrow  
  88  9:15  Infestation Pit  
  87  9:22  Roach x5  
  87  9:23  Roach  
  99  9:45  Ravager x3  
  100  9:46  Ravager x2  
  100  9:49  Drone x3  
  100  9:51  Extractor  
  106  9:52  Extractor  
  105  10:07  Extractor, Hatchery  
  105  10:09  Extractor, Pathogen Glands, Hydralisk Den  
  101  10:17  Roach x3  
  101  10:18  Roach x7  
  101  10:19  Pneumatized Carapace  
  101  10:20  Overlord x2  
  120  10:45  Zerg Missile Weapons Level 2  
  120  10:46  Zerg Ground Armor Level 2  
  118  11:02  Drone x4  
  122  11:19  Overseer  
  122  11:22  Infestor  
  122  11:23  Infestor x2  
  128  11:36  Overlord x4  
  128  11:59  Muscular Augments  
  128  12:00  Hydralisk x3  
  128  12:01  Hydralisk x3  
  140  12:08  Hive  
  140  12:12  Drone  
  140  12:13  Drone x2  
  143  12:22  Drone x2  
  145  12:25  Infestor x2  
  149  12:35  Tunneling Claws  
  149  12:40  Overseer  
  149  12:59  Drone x4  
  149  13:00  Drone x2  
  149  13:03  Ravager x3  
  149  13:04  Ravager x2  
  160  13:06  Overlord x4  
  160  13:08  Overlord x3  
  160  13:24  Overlord x2  
  160  13:40  Hydralisk x5  
  160  13:41  Hydralisk x2  
  174  14:02  Drone x3  
  177  14:08  Zerg Missile Weapons Level 3  
  177  14:09  Zerg Ground Armor Level 3  
  177  14:21  Ultralisk Cavern  
  176  14:51  Roach  
  176  14:58  Lurker Den  
  176  14:59  Extractor  
  175  15:00  Hatchery  
  175  15:03  Extractor  
  175  15:04  Overlord x3  
  173  15:07  Drone x3  
  174  16:00  Ultralisk x2  
  174  16:01  Ultralisk x2  
  196  16:27  Queen, Drone x2  
  200  16:35  Chitinous Plating  
  200  16:46  Zerg Melee Weapons Level 1  
  177  17:45  Hatchery  
  177  17:46  Extractor  
  177  17:48  Extractor  
  173  18:20  Spawning Pool  
  173  18:22  Overlord x3  
  173  18:23  Overlord x3  
  172  19:17  Ultralisk x3  
  172  19:18  Ultralisk  
  105  20:18  Lair  
  105  20:25  Zergling x2  
  105  20:26  Zergling x22  
  72  21:04  Zergling x2  
  72  21:05  Zergling x12  
  66  21:17  Overseer  
  66  21:18  Overseer  
  62  21:19  Overseer x2  
  62  21:23  Overseer  
  36  21:42  Zergling x8  
  31  21:59  Zergling x2  
  31  22:00  Zergling x4  
  34  22:08  Ultralisk x3  
  40  22:09  Ultralisk x5  
  80  22:27  Hatchery  
  79  22:31  Hatchery  
  78  22:53  Overseer x2  
  78  22:54  Overseer  
  67  23:17  Hydralisk  
  67  23:18  Hydralisk x4  
  77  23:37  Evolution Chamber  
  77  23:39  Evolution Chamber  
  73  23:54  Hive  
  22  24:30  Zergling x2  
  22  24:31  Zergling x10  
  22  25:06  Zergling x6  
  24  25:22  Zergling x8  
  24  25:23  Zergling x4  
  30  25:43  Zergling x6  
Tags
 
Add a new tag
Caveats
  • Supply blocks, unpowered buildings, or Contaminate may cause inaccurate times.
  • Supply counts are checked every 10 seconds.